[Event "1000GM Schev-G4 April 2024"]
[Site "Santa Clara"]
[Date "2024.04.21"]
[Round "4.1"]
[White "Pinzon, Jairo David"]
[Black "Bhatta, Rohit"]
[Result "0-1"]
[ECO "D03"]
[WhiteElo "2077"]
[BlackElo "1969"]
[Annotator "TA"]
[PlyCount "82"]
[EventDate "2024.03.06"]
[EventType "schev"]
[EventCountry "USA"]
[SourceTitle "playchess.com"]
[Source "ChessBase"]
[SourceQuality "1"]
[TimeControl "5400+30"]

1. d4 Nf6 2. Bg5 d5 3. e3 e6 4. Bd3 Be7 5. Nf3 Nbd7 6. Nbd2 b6 7. O-O Bb7 8. c3 Ne4 9. Bxe7 Qxe7 10. Ne5 Nxd2 11. Qxd2 Nxe5 12. dxe5 {[%emt 0:00:21] The position is equal.} O-O 13. Qc2 g6 14. a4 a5 15. Qe2 c5 16. f4 Rfd8 17. Rad1 d4 18. exd4 cxd4 19. c4 Rac8 20. b3 Rc7 21. Be4 Bxe4 22. Qxe4 Rcd7 (22... d3 $1 $11) 23. Rd3 $14 f5 24. Qc6 Rb7 25. Rfd1 Qd7 26. Qf3 Qc8 27. Rxd4 Rbd7 28. Qf2 {[%emt 0:02:01] And now Rxd7 would win.} Rxd4 29. Rxd4 Rxd4 30. Qxd4 $16 {[%emt 0:00:13][%mdl 4096] Endgame. KQ-KQ} Qc6 31. h3 Qc5 32. Qf2 Qb4 33. Qe3 Qc5 34. Kf2 Qc7 35. Qd3 {[%emt 0:02:26] Strongly threatening Qd6.} Qc5+ 36. Kg3 {[%emt 0:00:29] [#] Qd8+ would now be deadly.} Qg1 $2 (36... Kg7 $16) 37. Qd8+ $18 Kg7 38. Qf6+ Kh6 (38... Kg8 $18 39. Qxe6+ Kf8 40. Qd6+ Kg7 41. Qd7+ Kg8) 39. Kh4 ({Inferior is} 39. Qxe6 Qe3+ 40. Kh2 Qxf4+ 41. Kh1 Qf1+ 42. Kh2 Qf4+ 43. Kh1 Qf1+ 44. Kh2 Qf4+ $11) 39... Qc5 40. Qxe6 $4 {[%emt 0:01:00][%mdl 8192] [#]} (40. g3 $18 Qb4 41. Qxe6) 40... Qf2+ 41. g3 Qf3 {[%emt 0:00:31] Never resign too early!   Weighted Error Value: White=0.31/Black=0.47.  Loses game:     	---       	Black=1      Mistake:       	---       	Black=1      Inaccurate:     	White=1     	Black=1      OK:         	White=10    	Black=11     Best:        	White=3     	Black=1} 0-1

[Event "1000GM Schev-G4 April 2024"]
[Site "Santa Clara"]
[Date "2024.04.21"]
[Round "4.2"]
[White "Gongora Montes, Benjamin"]
[Black "Zhou, Ivan"]
[Result "1/2-1/2"]
[ECO "A48"]
[WhiteElo "2092"]
[BlackElo "1969"]
[Annotator "TA"]
[PlyCount "106"]
[EventDate "2024.03.06"]
[EventType "schev"]
[EventCountry "USA"]
[SourceTitle "playchess.com"]
[Source "ChessBase"]
[SourceQuality "1"]
[TimeControl "5400+30"]

1. d4 Nf6 2. Nf3 g6 3. Bg5 Bg7 4. Nbd2 c5 5. c3 cxd4 6. cxd4 d5 7. e3 Nc6 8. Rc1 h6 9. Bh4 Bg4 10. Bb5 Rc8 11. O-O Qb6 12. Qa4 Bxf3 13. Nxf3 O-O 14. Bxc6 Rxc6 15. Rxc6 bxc6 16. b4 g5 17. Bg3 Ra8 (17... Ne4 $11) 18. Ne5 $16 Qb5 19. Qc2 $36 {[%emt 0:07:06][%mdl 2048] Black is under strong pressure.} Qxb4 (19... Rc8 $16 {is a better defense.}) 20. Rb1 ({Don't take} 20. Qxc6 $6 Rb8 $14) (20. Nxc6 $18 {is the precise move to win.} Qa3 21. Nb8) 20... Qa3 21. Nxc6 Bf8 22. h3 (22. Rb5 $16 {Ra5 is the strong threat.} Qa6 23. a4) 22... Re8 ({Black should try} 22... Ne4 $14) 23. Rb7 a6 (23... Ra8 $16) 24. Bc7 $18 Rc8 (24... Ne4 $16 25. Ba5 Qd6) 25. Na7 $2 (25. Be5 $18 Re8 26. Nxe7+ Rxe7 27. Rb3) 25... Ra8 $14 26. Be5 Ne4 27. Nc8 {[%emt 0:10:49] [#] Black must now prevent Qc6.} (27. Nc6 {simplifies} Qc3 28. Qxc3 Nxc3 29. Nxe7+ Bxe7 30. Rxe7 Nxa2 31. Rd7) 27... Qa5 28. Kf1 {[%emt 0:05:08] Prevents Qe1+} Nd2+ $1 29. Ke2 Ne4 $1 30. Nxe7+ Bxe7 31. Rxe7 {[%emt 0:00:06] [#] Hoping for Rb7.} Qb5+ 32. Kf3 Qf1 33. Bg3 (33. Rc7 $11 Rf8 34. Rc6) 33... h5 34. h4 g4+ (34... f6 $15 35. Rxe4 (35. hxg5 $2 fxg5 36. Rxe4 Rf8+ 37. Bf4 dxe4+ 38. Qxe4 Qd1+ 39. Kg3 gxf4+ 40. Kh2 Qg4 $19) 35... dxe4+ 36. Kxe4 Qxg2+ 37. Kd3 Re8 38. Qb3+ Kg7 39. hxg5 fxg5 (39... Qe4+ 40. Ke2 $17) 40. Be5+ Kg6 41. Qb6+ Kf5) 35. Kf4 $11 {[%emt 0:00:03] And now Qc6 would win.} Qxg2 {[%emt 0:00:21] ( -> ...Qf3+)} 36. Qc6 {[%emt 0:01:23][%csl LRa8,LRd5] Chess con chili.} Rf8 {[%emt 0:10:13] Threatens to win with ...Qf3+.} 37. Qxd5 {[%emt 0:03:16] Active counter play!} (37. Qh6 $1 $11 {remains equal.}) 37... Qf3+ $17 38. Ke5 Nxg3 (38... Qf6+ $17 39. Kxe4 Qxe7+ 40. Kf5 Rd8) 39. Qxf3 $15 gxf3 $17 {[%emt 0:00:13][%mdl 4096] Endgame. KRN-KR} 40. Kf4 $1 Nf1 41. Ra7 Re8 {[%emt 0:00:19][%cal Of1e3] ...Nxe3! would now be deadly.} 42. Kxf3 Nd2+ (42... Re6 $1 $15 43. d5 Rf6+ 44. Ke2 Nh2) 43. Ke2 $11 {[%emt 0:00:21] The position is equal.} Nc4 44. Kd3 Nb2+ 45. Kc2 Nc4 46. Rxa6 Rc8 {[%emt 0:00:45] Prevents Rc6} 47. Kd3 Kg7 48. e4 Nb2+ 49. Kd2 Nc4+ 50. Ke2 Nb2 51. e5 Rc2+ 52. Ke3 Nd1+ 53. Kd3 Rxf2 {[%emt 0:00:00] Weighted Error Value: White=0.21 (precise) /Black=0.19 (very precise) .  Mistake:       	White=5     	Black=8      Inaccurate:     	White=5     	Black=1      OK:         	White=13    	Black=12     Best:        	White=9     	Black=3      Strong:       	White=1     	Black=2} 1/2-1/2

[Event "1000GM Schev-G4 April 2024"]
[Site "Santa Clara"]
[Date "2024.04.21"]
[Round "4.3"]
[White "Xia, Joshua"]
[Black "Benavente Vazquez, Juan Jose"]
[Result "1-0"]
[ECO "B47"]
[WhiteElo "2012"]
[BlackElo "2185"]
[Annotator "TA"]
[PlyCount "55"]
[EventDate "2024.03.06"]
[EventType "schev"]
[EventCountry "USA"]
[SourceTitle "playchess.com"]
[Source "ChessBase"]
[SourceQuality "1"]
[TimeControl "5400+30"]

1. e4 c5 2. Nf3 e6 3. d4 cxd4 4. Nxd4 Nc6 5. Nc3 Qc7 6. Be2 a6 7. Nxc6 bxc6 8. Qd3 Nf6 9. Qg3 {[%emt 0:00:00] The position is equal.} Qxg3 10. hxg3 d5 11. g4 Nxe4 12. Nxe4 dxe4 13. g5 e5 14. g4 (14. Be3 $11) 14... Be6 $15 15. Rh3 Bb4+ 16. Kf1 a5 17. Re3 Bd5 18. c4 Bc5 19. cxd5 Bxe3 20. Bxe3 cxd5 21. Bb5+ Ke7 22. Bc6 {[%emt 0:00:00][%csl LRa8,LRd5][%cal Oc6d5] A strong pair of Bishops.} Rab8 $2 {[%emt 0:04:00][%mdl 8192] [#] This move loses the game for Black.} (22... Rad8 $11) 23. Bxd5 $18 Rhc8 24. b3 ({Don't play} 24. Bxe4 Rxb2 25. Bc1 (25. Bxh7 g6 $15) 25... Rb6 26. Ba3+ (26. Bxh7 g6 $15) 26... Ke8 $18) 24... Rb4 25. Kg2 a4 26. Rh1 Rc2 27. a3 Rb5 28. Bxe4 {[%emt 0:00:00] Weighted Error Value: White=0.26 (precise) /Black=0.34.  Loses game:     	---       	Black=1      Mistake:       	White=1     	---        Inaccurate:     	White=2     	Black=1      OK:         	White=6     	Black=7      Best:        	White=4     	Black=1} 1-0

[Event "1000GM Schev-G4 April 2024"]
[Site "Santa Clara"]
[Date "2024.04.21"]
[Round "4.4"]
[White "Kakkad, Vikrant"]
[Black "Lorenzana, Wilson Estuardo"]
[Result "1/2-1/2"]
[ECO "A36"]
[WhiteElo "2000"]
[BlackElo "2072"]
[Annotator "TA"]
[PlyCount "68"]
[EventDate "2024.03.06"]
[EventType "schev"]
[EventCountry "USA"]
[SourceTitle "playchess.com"]
[Source "ChessBase"]
[SourceQuality "1"]
[TimeControl "5400+30"]

1. c4 c5 2. Nc3 Nc6 3. g3 g6 4. Bg2 Bg7 5. e4 d6 6. Nge2 e6 7. O-O Nge7 8. d3 O-O 9. Rb1 b6 10. a3 Qd7 11. b4 Bb7 12. Be3 Nd4 13. Qd2 Nec6 14. f4 Rab8 15. Rf2 f5 {[%emt 0:01:05] Black has an edge.} 16. h3 Nxe2+ 17. Nxe2 Nd4 18. Kh2 Kh8 19. exf5 Nxf5 20. d4 Bxg2 21. Rxg2 cxd4 ({Better is} 21... cxb4 $15 22. axb4 Rfc8) 22. Nxd4 Nxe3 23. Qxe3 e5 24. fxe5 Bxe5 25. Rf2 {[%emt 0:06:55] The position is equal.} Rxf2+ 26. Qxf2 Qg7 27. Nf3 (27. Ne6 Qg8 28. Ng5 Qxc4 29. Nf7+ Kg8 30. Nxe5 dxe5) 27... Rf8 28. Qe3 Re8 {[%emt 0:03:21][%cal Oe5g3] [#] Threatens to win with ...Bxg3+!} 29. Qd2 Qf7 30. Qd5 Qxd5 31. cxd5 Bc3 32. h4 Re3 33. Kg2 Bf6 34. a4 Rd3 {[%emt 0:00:30] Weighted Error Value: White=0.08 (flawless) /Black=0.08 (flawless) .  Mistake:       	---       	Black=1      Inaccurate:     	White=2     	Black=1      OK:         	White=8     	Black=8      Best:        	---       	Black=1} 1/2-1/2

[Event "1000GM Schev-G4 April 2024"]
[Site "Santa Clara"]
[Date "2024.04.21"]
[Round "4.5"]
[White "Varela Velazquez, Carlos Francisco"]
[Black "Yang, Maxwell"]
[Result "1-0"]
[ECO "A11"]
[WhiteElo "2084"]
[BlackElo "1987"]
[Annotator "TA"]
[PlyCount "65"]
[EventDate "2024.03.06"]
[EventType "schev"]
[EventCountry "USA"]
[SourceTitle "playchess.com"]
[Source "ChessBase"]
[SourceQuality "1"]
[TimeControl "5400+30"]

1. Nf3 Nf6 2. c4 g6 3. b3 Bg7 4. Bb2 O-O 5. g3 c6 6. Bg2 d5 7. O-O Qb6 8. Qc2 Bf5 9. d3 Na6 10. Nbd2 Rfd8 11. Rac1 Nb4 12. Qb1 dxc4 (12... Ne4 $14) 13. Nxc4 $16 Qa6 (13... Qc7 $16) 14. a3 $18 Nxd3 15. exd3 Bxd3 16. Qa1 Bxf1 17. Bxf1 b5 18. Nce5 {[%emt 0:00:00][%mdl 1024] White has strong compensation.} Rac8 (18... Rd6 $142 19. Bg2 Bh6) 19. Ng5 Qb6 20. Rc2 {[%emt 0:00:00] Dodges Rd2} (20. Nexf7 Rd2 21. Nh3 (21. Kh1 Qxf2) 21... Kxf7 $17) 20... c5 21. Bh3 (21. Nexf7 h6 22. Nxd8 hxg5 $18) ({Don't take} 21. Ngxf7 Rd5 22. Qc1 Bf8 $18) 21... Rb8 22. Nexf7 Rd3 23. Be6 {[%emt 0:00:00] A strong pair of Bishops.} Kf8 24. Re2 h6 {[%emt 0:05:54] [#]} 25. Nh7+ $1 Kg8 (25... Nxh7 26. Bxg7+) 26. Nxf6+ exf6 27. Qb1 (27. Nxh6+ Kf8 $18) 27... Re8 28. Qxd3 Rxe6 {[%emt 0:00:13] [#]} 29. Qd5 $1 Re5 (29... Qc6 30. Qxe6) 30. Re3 $4 (30. Nxe5+ {avoids the disaster.} Kh7 31. Nd7 Qd8 32. Nxf6+ Qxf6 33. Bxf6 Bxf6 34. Qf7+ (34. Qxc5 h5 35. Qf8 Bg7 36. Re7 Kh6 37. Rxg7 h4 38. Qf6 hxg3 39. Qxg6#) 34... Bg7 35. Re7 Kh8 36. Qxg7#) 30... Rxe3 $4 (30... Rxd5 $19 31. Bc3 Rd1+ (31... Kxf7 $2 32. Be1 $19) 32. Be1 Kxf7) 31. Ng5+ {[%emt 0:00:34] White mates.} Re6 32. Nxe6 Kh7 33. Qd7 {[%emt 0:00:06] Black got outplayed after the opening.   Weighted Error Value: White=0.49/Black=0.87.  Mistake:       	---       	Black=3      Inaccurate:     	White=1     	Black=1      OK:         	White=8     	Black=3      Best:        	White=1     	---} 1-0

[Event "1000GM Schev-G4 April 2024"]
[Site "Santa Clara"]
[Date "2024.04.22"]
[Round "5.1"]
[White "Bhatta, Rohit"]
[Black "Gongora Montes, Benjamin"]
[Result "1/2-1/2"]
[ECO "E04"]
[WhiteElo "1969"]
[BlackElo "2092"]
[Annotator "TA"]
[PlyCount "46"]
[EventDate "2024.03.06"]
[EventType "schev"]
[EventCountry "USA"]
[SourceTitle "playchess.com"]
[Source "ChessBase"]
[SourceQuality "1"]
[TimeControl "5400+30"]

1. d4 d5 2. c4 e6 3. Nf3 Nf6 4. g3 dxc4 5. Bg2 a6 6. O-O b5 7. Ne5 Nd5 8. a4 Bb7 9. axb5 axb5 10. Rxa8 Bxa8 11. e4 Nf6 12. Nc3 c6 {[%emt 0:10:26] [#]} 13. d5 $1 {[%emt 0:03:38] dxe6 is the strong threat.} Bd6 (13... Be7 14. dxe6) 14. Bf4 {[%emt 0:21:48] dxe6 would now be deadly.} exd5 15. exd5 Bxe5 (15... cxd5 $16 16. Qa1 Nbd7 17. Nxd7 Kxd7) 16. Bxe5 $18 O-O {[%emt 0:00:14] [#] Black is weak on the dark squares} 17. dxc6 {[%emt 0:07:00] White has more active pieces.} (17. Bxb8 Qxb8 18. dxc6 Rc8 $14) ({White has to play} 17. Qa1 $1 $16 Nbd7 18. Bd6 cxd5 19. Nxb5 (19. Bxf8 Nxf8 20. Qa6 b4 $18)) 17... Bxc6 18. Qxd8 Rxd8 19. Bxc6 Nxc6 20. Bxf6 gxf6 21. Nxb5 $16 {[%emt 0:00:30] KRN-KRN} Rb8 22. Nd6 Rxb2 23. Nxc4 Ra2 {[%emt 0:00:12] Weighted Error Value: White=0.16 (very precise) /Black=0.27 (precise) .  Mistake:       	White=1     	Black=1      OK:         	White=6     	Black=2      Best:        	---       	Black=1} 1/2-1/2

[Event "1000GM Schev-G4 April 2024"]
[Site "Santa Clara"]
[Date "2024.04.22"]
[Round "5.2"]
[White "Benavente Vazquez, Juan Jose"]
[Black "Zhou, Ivan"]
[Result "1/2-1/2"]
[ECO "D79"]
[WhiteElo "2185"]
[BlackElo "1969"]
[Annotator "TA"]
[PlyCount "64"]
[EventDate "2024.03.06"]
[EventType "schev"]
[EventCountry "USA"]
[SourceTitle "playchess.com"]
[Source "ChessBase"]
[SourceQuality "1"]
[TimeControl "5400+30"]

1. d4 Nf6 2. c4 g6 3. Nf3 Bg7 4. g3 c6 5. Bg2 d5 6. cxd5 cxd5 7. Ne5 Nc6 8. Nxc6 bxc6 9. O-O O-O 10. Nc3 Bf5 11. Bf4 Ne4 12. Na4 Qa5 13. Rc1 Rac8 14. b3 {[%emt 0:08:30][%cal Og3g4] White is slightly better.} Qb4 15. Be3 (15. e3 $14) 15... Rfd8 16. f3 Nd6 17. Qe1 Qxe1 18. Rfxe1 Nb5 19. Red1 e5 20. dxe5 Bxe5 21. Bc5 Bf6 22. e3 Re8 23. Kf2 h5 24. Rd2 Kg7 (24... g5 $11) 25. Bf1 $14 Kg8 26. Nb2 Bc3 27. Re2 Bg7 28. Rd2 Bc3 29. Re2 {[%emt 0:00:57] [#] a4 would now be deadly.} Bg7 30. Rd2 Bc3 31. Kg2 $2 Bg7 $2 (31... Bxd2 $19 32. Rd1 Bxe3 33. Bxe3 Rxe3) 32. Kf2 (32. Nd1 $16) 32... d4 {[%emt 0:12:00] Weighted Error Value: White=0.44/Black=0.35.  Loses game:     	White=1     	---        Missed win:     	---       	Black=1      Mistake:       	White=2     	Black=1      Inaccurate:     	White=3     	Black=5      OK:         	White=8     	Black=6      Best:        	---       	Black=2} 1/2-1/2

[Event "1000GM Schev-G4 April 2024"]
[Site "Santa Clara"]
[Date "2024.04.22"]
[Round "5.3"]
[White "Lorenzana, Wilson Estuardo"]
[Black "Xia, Joshua"]
[Result "1-0"]
[ECO "B90"]
[WhiteElo "2072"]
[BlackElo "2012"]
[Annotator "TA"]
[PlyCount "121"]
[EventDate "2024.03.06"]
[EventType "schev"]
[EventCountry "USA"]
[SourceTitle "playchess.com"]
[Source "ChessBase"]
[SourceQuality "1"]
[TimeControl "5400+30"]

1. e4 c5 2. Nf3 d6 3. d4 cxd4 4. Nxd4 Nf6 5. Nc3 a6 6. a3 e5 7. Nf5 Bxf5 8. exf5 d5 {[%emt 0:00:02][%cal Bd6d5,Bd5d4][%mdl 32] White is slightly better.} 9. Bg5 $1 d4 10. Bxf6 gxf6 (10... Qxf6 $14 11. Nd5 Qd6) 11. Ne4 $16 Be7 12. Bd3 {[%emt 0:03:38] White is more active.} Nd7 13. O-O Nb6 14. Ng3 (14. c4 $142) 14... Nd5 15. Nh5 Rg8 16. Qf3 Qd7 17. Be4 Rd8 (17... O-O-O $142 18. c3 d3) 18. c3 Kf8 19. cxd4 exd4 20. Rfd1 Nb6 21. Rac1 {[%emt 0:06:42] Wards off Nc4} (21. Bxb7 Nc4 $18) 21... Qd6 22. h4 Nd7 23. g3 b5 24. Rc2 Ne5 25. Qf4 Ng4 26. Qxd6 Rxd6 27. Rcd2 Ne5 (27... Bd8 $142 28. Rxd4 Rxd4 29. Rxd4 Bb6) 28. b3 (28. Rxd4 Rxd4 29. Rxd4 Rg4) 28... Rg4 29. f4 (29. Rxd4 $2 Rxd4 (29... Rxe4 $2 30. Rxd6 Bxd6 31. Rxd6 $18) (29... Nf3+ $2 30. Bxf3 Rgxd4 31. Rb1 $19) 30. Rxd4 Nf3+ (30... Bxa3 31. Nf4 $11) 31. Bxf3 Rxd4 $19) 29... Nd7 30. b4 (30. Rxd4 $2 Rxd4 31. Bf3 (31. Rxd4 $2 Bc5 $19) 31... Rxd1+ 32. Bxd1 Bc5+ 33. Kg2 Rg8 $19) 30... Bd8 31. Kg2 (31. Rxd4 $2 {too greedy.} Rxd4 (31... Bb6 $2 32. Kg2 $19) 32. Re1 (32. Rxd4 $2 {perishes.} Bb6 $19) 32... Rd2 $19) 31... Bb6 32. Rc2 Bd8 33. Rc6 Rxc6 34. Bxc6 Nb8 35. Bb7 Rg8 36. Rxd4 Ke7 37. Rd2 Re8 38. g4 Kf8 39. g5 fxg5 40. hxg5 ({Resist} 40. fxg5 Bb6 41. Rd6 Re2+ 42. Kf1 Bc7) 40... a5 41. f6 {[%emt 0:00:23] [#] Threatens to win with Ng7.} Bc7 42. bxa5 Bxa5 43. Rb2 Re3 $2 (43... Bc7 44. Rxb5 Re2+ 45. Kf3 Rc2) 44. Rxb5 $18 Rxa3 45. Rc5 {[%emt 0:00:33] Threatening mate with Rc8+.} Ke8 46. Rc8+ Kd7 47. Rxb8 Kc7 48. Rf8 Kxb7 49. Rxf7+ {[%emt 0:00:05] KRB-KRN} Kc6 50. Rxh7 {[%emt 0:00:24] f7 would kill now.} Kd5 51. Re7 {[%emt 0:01:18] White mates.} Bb4 52. Re5+ Kd4 53. g6 Bd6 54. g7 Ra2+ 55. Kf3 Bxe5 56. fxe5 Kxe5 57. g8=Q Ra3+ 58. Kg2 Ra7 59. Qb8+ Kf5 60. Qxa7 Kg6 {[%emt 0:00:13] [#]} 61. Kf3 $1 {[%emt 0:02:02] Black got outplayed after the opening.   Weighted Error Value: White=0.12 (very precise) /Black=0.55.  Mistake:       	White=1     	Black=4      Inaccurate:     	---       	Black=5      OK:         	White=16    	Black=10     Best:        	White=1     	Black=1      Strong:       	White=1     	---} 1-0

[Event "1000GM Schev-G4 April 2024"]
[Site "Santa Clara"]
[Date "2024.04.22"]
[Round "5.4"]
[White "Kakkad, Vikrant"]
[Black "Varela Velazquez, Carlos Francisco"]
[Result "0-1"]
[ECO "A26"]
[WhiteElo "2000"]
[BlackElo "2084"]
[Annotator "NA COMBH RC"]
[PlyCount "54"]
[EventDate "2024.03.06"]
[EventType "schev"]
[EventCountry "USA"]
[SourceTitle "playchess.com"]
[Source "ChessBase"]
[SourceQuality "1"]
[TimeControl "5400+30"]

1. c4 Nf6 2. Nc3 g6 3. e4 e5 4. g3 Bg7 5. Bg2 O-O 6. Nge2 d6 7. O-O Be6 8. d3 Qd7 9. f4 Nc6 10. Nd5 Bg4 11. Be3 {[%emt 0:00:00] A26: English Opening vs King's Indian with ...Nc6 and d3.} exf4 12. Ndxf4 g5 13. Nd5 Nxd5 14. cxd5 Nd4 15. Bxd4 Bxd4+ 16. Kh1 Bxb2 17. Rb1 Bg7 18. Rxb7 {[%emt 0:00:00] [#]} Rfb8 ({Black should play} 18... Rab8 $1 $17 19. Rb3 Rxb3 20. axb3 Qb5) 19. Qb3 Qc8 20. Rxb8 Rxb8 21. Qd1 Rb2 22. Bf3 Bxf3+ ({Inferior is} 22... Rxa2 23. Nc1 Bxf3+ 24. Qxf3 $11) 23. Rxf3 Rxa2 24. d4 $19 Qa6 25. Nc1 Ra1 26. Qc2 g4 27. Qxc7 {[%emt 0:00:00] Check Result:-#11} Rxc1+ 0-1

[Event "1000GM Schev-G4 April 2024"]
[Site "Santa Clara"]
[Date "2024.04.22"]
[Round "5.5"]
[White "Yang, Maxwell"]
[Black "Pinzon, Jairo David"]
[Result "1-0"]
[ECO "A40"]
[WhiteElo "1987"]
[BlackElo "2077"]
[Annotator "TA"]
[PlyCount "117"]
[EventDate "2024.03.06"]
[EventType "schev"]
[EventCountry "USA"]
[SourceTitle "playchess.com"]
[Source "ChessBase"]
[SourceQuality "1"]
[TimeControl "5400+30"]

1. d4 c5 2. d5 g6 3. c4 Bg7 4. Nc3 Bxc3+ 5. bxc3 d6 6. Nf3 Nf6 7. Qa4+ Bd7 8. Qc2 Qa5 {[%emt 0:03:18] The position is equal.} 9. Bd2 Qa4 10. Qxa4 Bxa4 11. e3 e5 12. Rb1 b6 13. Nh4 (13. Ng5 $15) 13... Bd7 (13... Nbd7 $17 14. Be2 h6) 14. Nf3 Kd8 (14... e4 $17 15. Ng1 Bf5) 15. Rb3 (15. Ng5 $15 Ke7 16. Bc1) 15... h6 $17 16. Bc1 Nh5 (16... e4 $17 17. Nd2 Kc7) 17. Bd3 f5 18. e4 f4 19. Nd2 g5 20. f3 Kc7 21. Be2 Na6 ({Black should play} 21... Nf6 $17) 22. Nf1 Rag8 23. h3 Nf6 24. Kf2 (24. a4 $11 {should be considered.}) 24... Kb7 25. Rb1 h5 26. Ba3 (26. g3 $15) 26... Rh6 27. Nd2 Nc7 28. Bb2 Rgh8 29. Ba3 Nce8 (29... g4 {seems wilder.} 30. h4 Rg8 31. Rbf1 Rhg6) 30. Rbg1 g4 31. hxg4 hxg4 32. Rxh6 Rxh6 33. Bb2 g3+ 34. Ke1 Nc7 35. Kd1 a6 36. Kc2 Ba4+ 37. Kc1 b5 38. Bd1 ({White should try} 38. cxb5 $15 axb5 (38... Nxb5 39. Nc4 $11) 39. c4) 38... Bxd1 $1 39. Kxd1 Nd7 $1 40. cxb5 axb5 41. Kc2 {[%emt 0:00:00] [#]} Nb6 $1 {[%emt 0:00:18] Prevents c4} 42. Kb3 Ne8 (42... c4+ $17 43. Kc2 Na4) 43. c4 $11 Nxc4 44. Nxc4 bxc4+ 45. Kxc4 {[%emt 0:00:00][%mdl 4096] Endgame. KRB-KRN} Ka6 46. Bc3 Rh2 47. a4 Nf6 48. a5 Nd7 49. Bd2 Nf8 50. Be1 Ng6 51. Bc3 {[%emt 0:00:00] Hoping for Rb1.} Nh4 52. Rb1 {[%emt 0:00:00] Threatens to win with Rb6+.} Nxg2 {[%emt 0:01:27] ...Ne3+ is the strong threat.} (52... Ka7 $5 53. Rb6 $8 Rxg2 54. Rxd6 Nxf3 $11) 53. Rb6+ Ka7 {[%emt 0:00:07] And now ...Ne3+ would win.} 54. Rxd6 Ne3+ $2 {[%emt 0:00:52][%mdl 8192] [#] This costs Black the game.} (54... Rh1 $11) 55. Kb5 $1 $18 (55. Kxc5 Rc2 56. Rd7+ Ka6 57. Rd6+ Kb7 58. a6+ Ka7 $11) 55... g2 56. Rd7+ (56. Kxc5 $2 g1=Q (56... g1=R $2 57. Rd7+ Ka6 58. Bxe5 $19) 57. Rd7+ Ka6 58. Rd6+ Kb7 59. Rb6+ Ka7 $19) 56... Ka8 57. Bxe5 {[%emt 0:00:00][%cal Ob5a6] Ka6! would kill now.} ({Not} 57. Rg7 Rh1 $11) 57... Rh8 58. Ka6 (58. Bxh8 $2 {is the wrong capture.} g1=Q (58... g1=B 59. Ka6 Kb8 60. d6 Kc8 61. Rc7+ Kd8 62. Bf6+ Ke8 63. Rg7 Kf8 64. d7 Bh2 65. d8=Q#) 59. Rc7 Qf1+ 60. Kxc5 Qxf3 $19) 58... Rh6+ 59. d6 {[%emt 0:00:00] Weighted Error Value: White=0.20 (precise) /Black=0.29 (precise) .  Loses game:     	---       	Black=1      Mistake:       	White=5     	Black=5      Inaccurate:     	White=9     	Black=6      OK:         	White=8     	Black=11     Best:        	White=5     	---        Strong:       	White=1     	Black=3} 1-0